 Dungeon Crawl Stone Soup version 0.27.1-34-g3ba077fa99 (webtiles) character file.

Game seed: 8976162341889953497

2727 iwittbrodt the Carver (level 9, -5/85 HPs)
             Began as a Minotaur Gladiator on Jan 27, 2022.
             Was a Follower of the Shining One.
             Slain by an orc warrior (20 damage)
             ... in a bailey.
             The game lasted 00:36:15 (10978 turns).

iwittbrodt the Carver (Minotaur Gladiator)         Turns: 10978, Time: 00:36:16

Health: -5/85      AC: 16    Str: 22    XL:     9   Next: 40%
Magic:  10/10      EV:  7    Int:  5    God:    the Shining One [*.....]
Gold:   394        SH:  0    Dex: 12    Spells: 8/8 levels left

rFire    . . .     SeeInvis .   a - +1 long sword
rCold    + . .     Faith    .   (no shield)
rNeg     . . .     Spirit   .   D - +0 plate armour
rPois    .         Reflect  .   c - +0 hat
rElec    .         Harm     .   y - +0 cloak
rCorr    .         Rampage  .   i - +0 pair of gloves
Will     .....                  w - +0 pair of boots
Stlth    ..........             (no amulet)
HPRegen  0.24/turn              C - ring of flight
MPRegen  0.12/turn              p - ring of protection from cold

@: flying, glowing
A: horns 2, retaliatory headbutt
a: Renounce Religion


You were in a bailey.
You worshipped the Shining One.
The Shining One was aware of your devotion.
You visited 1 branch of the dungeon, and saw 7 of its levels.
You also visited: Bailey.

You collected 394 gold pieces.

Inventory:

Hand Weapons
 a - a +1 long sword (weapon)
 b - a +0 hunting sling
 A - a +3 dagger of venom
Missiles
 q - 80 arrows
Armour
 c - a +0 hat (worn)
 i - a +0 pair of gloves (worn)
 w - a +0 pair of boots (worn)
 y - a +0 cloak (worn)
 D - a +0 plate armour (worn)
Jewellery
 l - a ring of willpower
 p - a ring of protection from cold (right hand)
 s - a ring of willpower
 x - a ring of magical power
 C - a ring of flight (left hand)
Wands
 n - a wand of mindburst (19)
 o - a wand of iceblast (6)
 B - a wand of acid (8)
Scrolls
 g - a scroll of amnesia
 r - a scroll of enchant weapon
Potions
 j - 4 potions of curing {unknown}
 k - a potion of might {unknown}
 m - 3 potions of attraction {unknown}
 t - a potion of degeneration {unknown}
 v - a potion of brilliance {unknown}


   Skills:
 * Level 9.7 Fighting
 * Level 10.0 Long Blades
 - Level 2.0 Throwing
 + Level 6.3 Armour
 - Level 3.2 Dodging
 + Level 3.6 Invocations


You had 8 spell levels left.
You didn't know any spells.
Your spell library contained the following spells:

 Spells                   Type           Power      Damage    Failure   Level
 Sting                    Tmut/Pois      0%         1d3       100%        1
 Poisonous Vapours        Pois/Air       0%         N/A       100%        2
 Gell's Gravitas          Tloc           0%         N/A       100%        3
 Lesser Beckoning         Tloc           0%         N/A       100%        3
 Teleport Other           Tloc           0%         N/A       100%        3
 Olgreb's Toxic Radiance  Pois           0%         N/A       100%        4


Dungeon Overview and Level Annotations

Branches:
Dungeon (7/15)             Temple (0/1) D:7          Bailey (1/1)

Altars:
Makhleb
Qazlal
Ru
Sif Muna
Vehumet
Wu Jian
Xom
The Shining One


Innate Abilities, Weirdness & Mutations

You have a pair of horns on your head.
You reflexively headbutt those who attack you in melee.


Message History

The orc warrior goes into a battle-frenzy!
The orc warrior no longer looks unusually strong.
The orc knight roars a battlecry!
The orc warrior goes into a battle-frenzy!
The orc knight roars a battlecry!
The orc warrior no longer looks unusually strong.
The orc knight roars a battlecry!
The orc warrior goes into a battle-frenzy!
The orc warrior no longer looks unusually strong.
The orc knight roars a battlecry!
The orc warrior goes into a battle-frenzy!
The orc warrior no longer looks unusually strong.
The orc knight roars a battlecry!
The orc warrior goes into a battle-frenzy!
The orc warrior no longer looks unusually strong.
The orc knight roars a battlecry!
The orc warrior goes into a battle-frenzy!
The orc warrior no longer looks unusually strong.
The orc knight roars a battlecry!
The orc warrior goes into a battle-frenzy!
The orc warrior no longer looks unusually strong.
The orc knight roars a battlecry!
The orc warrior goes into a battle-frenzy!
The orc knight roars a battlecry!
The orc warrior goes into a battle-frenzy!
The orc warrior hits you from afar with a +0 halberd!
There is an open door here.
The orc warrior barely misses you.
Okay, then.
Okay, then.
The orc warrior hits you from afar with a +0 halberd.
Items here: $ ( ) [.
The orc warrior no longer looks unusually strong.
The orc warrior hits you but does no damage.
The orc knight roars a battlecry!
The orc warrior goes into a battle-frenzy!
The orc warrior hits you from afar with a +0 halberd!!
* * * LOW HITPOINT WARNING * * *
The orc warrior hits you from afar with a +0 halberd!!
You die...

.≈(##### ###+#############.≈.
.≈.##.$$ ##.........#'.....##.≈.
.≈..## ##..§≈≈≈§≈≈..##...##..≈.
.≈≈..## ..≈≈(.(§.≈≈..##.##.)≈≈.
∩.≈≈..# ..≈≈..§⌠..(§≈..#'#..≈≈.#
#.≈≈..# ..§§..(∩⌠(.≈≈..#'#..≈≈.∩
.≈≈..## #.§≈§...oo≈≈..##.##..≈≈.
.≈..## +§.≈≈§≈≈≈≈(.##...##..≈.
.≈)## #...(@..).##.....##.≈.
.≈.#############+###'#########.≈.
.≈).........##.....##..).).....≈.
.≈≈≈≈≈≈≈≈≈≈..##.∩.##..≈≈≈≈≈≈≈≈≈≈.
..).......≈≈..## ##..≈≈..........
#########..≈≈..###..≈≈..#########
##..≈≈....)≈≈..## ##..≈≈≈≈≈≈≈..##
##.........##


You could see an orc knight and an orc warrior (strong).

Vanquished Creatures
  An orc knight (Bailey)
  A wyvern (D:6)
  An acid dragon (D:6)
  A sky beast (D:7)
  4 orc warriors
  An ice beast (D:6)
  A necrophage (D:7)
  An ogre (D:5)
  A phantom (D:5)
  A kobold brigand (D:7)
  A wyvern zombie (D:5)
  2 scorpions
  4 killer bees (D:6)
  2 hounds (D:4)
  A bullfrog skeleton (D:5)
  3 jellies
  4 orc priests
  An iron imp (D:3)
  2 iguanas
  4 orc wizards
  A hound skeleton (D:4)
  9 gnolls
  A howler monkey skeleton (D:7)
  9 adders
  A white imp (D:7)
  2 ufetubi
  An adder skeleton (D:4)
  2 worms
  A dart slug (D:4)
  28 orcs
  8 ball pythons
  6 bats
  8 endoplasms
  5 giant cockroaches
  6 goblins
  3 hobgoblins
  8 jackals
  14 kobolds
  A quokka (D:2)
  4 frilled lizards
  3 rats
158 creatures vanquished.

Vanquished Creatures (others)
  3 fungi (D:2)
  8 plants (D:2)
11 creatures vanquished.

Grand Total: 169 creatures vanquished

Notes
Turn   | Place    | Note
-------+----------+-------------------------------------------
     0 | D:1      | iwittbrodt the Minotaur Gladiator began the quest for the
                  | Orb.
     0 | D:1      | Reached XP level 1. HP: 18/18 MP: 0/0
   263 | D:1      | Reached XP level 2. HP: 16/25 MP: 1/1
   508 | D:1      | Reached skill level 4 in Long Blades
  1016 | D:1      | Reached skill level 1 in Armour
  1369 | D:2      | Reached XP level 3. HP: 29/31 MP: 2/2
  2015 | D:2      | Found a faded altar of an unknown god.
  2152 | D:2      | Reached XP level 4. HP: 40/40 MP: 3/3
  2633 | D:3      | Reached skill level 5 in Long Blades
  2732 | D:3      | Found a burning altar of Makhleb.
  2734 | D:3      | Noticed a cacodemon
  2738 | D:3      | Noticed a neqoxec
  2738 | D:3      | Noticed a neqoxec
  2895 | D:3      | Found an ornate altar of the Wu Jian Council.
  3041 | D:3      | Reached XP level 5. HP: 43/47 MP: 4/4
  3243 | D:4      | Reached skill level 5 in Fighting
  3277 | D:4      | Reached XP level 6. HP: 30/56 MP: 5/5
  3439 | D:4      | Reached skill level 6 in Long Blades
  3468 | D:4      | Found a glowing golden altar of the Shining One.
  3470 | D:4      | Found a radiant altar of Vehumet.
  3569 | D:4      | Identified the +3 helmet "Kuxoviak" {rElec rC+ Slay+2}
  4231 | D:5      | Entered Level 5 of the Dungeon
  4372 | D:5      | Reached XP level 7. HP: 30/63 MP: 6/6
  5080 | D:4      | Became a worshipper of the Shining One
  5290 | D:5      | Reached skill level 7 in Long Blades
  5725 | D:6      | Found a stormy altar of Qazlal.
  5765 | D:6      | Found a sacrificial altar of Ru.
  5906 | D:6      | Noticed a wyvern
  5917 | D:6      | Killed a wyvern
  6162 | D:6      | Reached skill level 1 in Invocations
  6162 | D:6      | Reached XP level 8. HP: 53/73 MP: 7/7
  6706 | D:6      | Reached skill level 8 in Long Blades
  7286 | D:5      | Reached skill level 5 in Armour
  7919 | D:6      | Found a shimmering altar of Xom.
  7929 | D:6      | Found a shimmering blue altar of Sif Muna.
  8052 | D:6      | Noticed a two-headed ogre
  8291 | D:7      | Found a staircase to the Ecumenical Temple.
  8478 | D:7      | Reached * piety under the Shining One
  8488 | D:7      | Reached skill level 9 in Long Blades
  8662 | D:7      | Found a flagged portal.
  8693 | D:7      | Reached XP level 9. HP: 58/82 MP: 10/10
  8771 | Bailey   | Entered a bailey
  9177 | Bailey   | Noticed an orc knight
  9290 | Bailey   | Noticed an orc knight
  9443 | Bailey   | HP: 3/83 [orc knight (9)]
  9444 | Bailey   | The Shining One protects you from harm!
 10001 | Bailey   | Killed an orc knight
 10305 | Bailey   | Reached skill level 10 in Long Blades
 10725 | Bailey   | HP: 1/85 [orc knight (8)]
 10978 | Bailey   | Slain by an orc warrior

Illustrated notes

Levels and vault maps discovered:
D:1:      noname_arrival_rooms_in_the_neighbourhood, layout_basic
D:2:      layout_loops_ring, shapermc_ecumenical_altar_mp_urbaneastern
D:3:      layout_loops_ring, chei_slow_surprise, makhleb_altar_promises_db,
          lemuel_coloured_pillars_altar
D:4:      layout_basic, nicolae_overflow_hidden_temple, st_stairs_11,
          grunt_ministairs_5
D:5:      layout_rooms
D:6:      layout_cave_pools, amethyst_overflow_temple_binary,
          mainiacjoe_overflow_catwalk_spiral
D:7:      layout_gridville, grunt_temple_overflow_bloody_war, temple_pool_b,
          enter_bailey_4
Bailey:   bailey_polearm_1, bailey

Skill      XL: |  1  2  3  4  5  6  7  8  9 |
---------------+----------------------------+-----
Long Blades    | 4 5 6 7 9 10 | 10.0
Fighting       | 3 4 5 6 7 8 9 |  9.7
Armour         | 1 2 3 4 5 6 |  6.3
Invocations    | 1 2 3 |  3.6
Throwing       | |  2.0
Dodging        | |  3.2

Action                   |  1- 3 |  4- 6 |  7- 9 || total
-------------------------+-------+-------+-------++-------
Melee: Long sword        |    80 |   110 |   158 ||   348
       Headbutt          |    13 |    18 |    24 ||    55
 Fire: Hunting sling     |       |       |   295 ||   295
Throw: Dart              |       |       |    55 ||    55
       Stone             |       |       |    15 ||    15
       Throwing net      |       |       |     3 ||     3
       Javelin           |       |       |     2 ||     2
Evoke: Wand              |       |       |     1 ||     1
  Use: Scroll            |       |     9 |     4 ||    13
       Potion            |       |       |     3 ||     3
Armor: Ring mail         |    33 |    42 |    25 ||   100
       Plate armour      |       |       |    95 ||    95
Dodge: Dodged            |    53 |    70 |   117 ||   240
       Rpst.: Long sword |    15 |    22 |    19 ||    56
